 Dungeon Crawl Stone Soup version 0.24.0-2-g5b39cebb1c (webtiles) character file.

Game seed: 11084829246389892159, levelgen mode: deterministic

67365 ventricule the Purifying Kobold (level 15, 0/93 HPs)
             Began as a Kobold Arcane Marksman on Oct 29, 2019.
             Was a High Priest of Elyvilon.
             Slain by Donald
             ... wielding a +3 double sword of flaming
              (23 damage)
             ... on level 2 of the Orcish Mines.
             The game lasted 02:26:53 (34568 turns).

ventricule the Purifying Kobold (KoAM)             Turns: 34568, Time: 02:26:54

Health: 0/93       AC: 14    Str:  6    XL:     15   Next: 65%
Magic:  23/25      EV: 31    Int: 18    God:    Elyvilon [*****.]
Gold:   714        SH:  7    Dex: 21    Spells: 3/20 levels left

rFire    . . .     SeeInvis .   i - +5 quick blade "Kobold's Foe" {pierce, rPois Str-3 Dex+2}
rCold    . . .     Gourm    .   H - +0 buckler of a bazaar {Dex-4 Slay+3 Stlth+} (curse)
rNeg     . . .     Faith    .   r - +1 robe {Archmagi}
rPois    +         Spirit   .   Y - +2 helmet {Int+3} {Int+3}
rElec    .         Reflect  .   G - +2 cloak {rPois} {rPois}
rCorr    .         Harm     .   b - +1 pair of gloves {Dex+3} {Dex+3}
MR       +....                  K - +2 pair of boots {run} {Speed+}
Stlth    ++++++....             R - amulet of regeneration
HPRegen  0.65/turn              X - +2 ring of slaying
MPRegen  0.19/turn              W - +5 ring of evasion

@: quick
A: small, carnivore
a: Lesser Healing, Heal Other, Purification, Greater Healing, Divine Vigour,
Divine Protection, Renounce Religion


You were on level 2 of the Orcish Mines.
You worshipped Elyvilon.
Elyvilon was extremely pleased with you.
You were completely stuffed.

You visited 3 branches of the dungeon, and saw 20 of its levels.

You collected 1997 gold pieces.
You spent 1283 gold pieces at shops.

Inventory:

Hand Weapons
 a - a +1 hand crossbow
 i - the +5 quick blade "Kobold's Foe" (weapon) {pierce, rPois Str-3 Dex+2}
   (You acquired it on level 4 of the Lair of Beasts)

   It inflicts extra damage upon your enemies.
   It affects your strength (-3).
   It affects your dexterity (+2).
   It protects you from poison.
 I - a +2 dagger of freezing
Missiles
 z - 75 bolts
 A - 96 poisoned darts (quivered)
Armour
 b - a +1 pair of gloves of dexterity (worn) {Dex+3}
 r - a +1 robe of the Archmagi (worn)
 G - a +2 cloak of poison resistance (worn) {rPois}
 H - the cursed +0 buckler of a bazaar (worn) {Dex-4 Slay+3 Stlth+}
   (You bought it in a shop on level 6 of the Dungeon)

   It affects your dexterity (-4).
   It affects your accuracy and damage with ranged weapons and melee attacks
   (+3).
   It makes you more stealthy.
   It has a curse placed upon it.
 K - a +2 pair of boots of running (worn) {Speed+}
 Y - a +2 helmet of intelligence (worn) {Int+3}
Jewellery
 x - an uncursed ring of fire {rF+, rC-}
 E - an uncursed ring of stealth {Stlth+}
 N - an uncursed ring of positive energy {rN+}
 R - an amulet of regeneration (around neck)
 S - an uncursed ring of see invisible
 W - a +5 ring of evasion (right hand)
 X - a +2 ring of slaying (left hand)
Wands
 v - a wand of disintegration (21)
 y - a wand of iceblast (7)
 O - a wand of acid (4)
 P - a wand of scattershot (11)
Scrolls
 f - 3 scrolls of fog
 g - a scroll of fear
 o - 6 scrolls of enchant weapon
 t - 2 scrolls of teleportation
 u - a scroll of immolation {!r}
 B - a scroll of blinking {!r}
 F - 12 scrolls of remove curse
 L - 4 scrolls of magic mapping {!r}
 U - 2 scrolls of amnesia
 V - a scroll of enchant armour
Potions
 d - 2 potions of might
 h - a potion of haste
 j - 5 potions of brilliance
 k - 5 potions of mutation {!q}
 l - 2 potions of heal wounds
 m - 2 potions of flight
 n - 5 potions of resistance
 p - 6 potions of cancellation
 q - 5 potions of curing
 C - a potion of invisibility
 D - a potion of lignification {!q}
 Q - a potion of berserk rage {unknown}
Miscellaneous
 w - a box of beasts
 T - a fan of gales
 Z - a phial of floods
Comestibles
 e - 36 rations
 s - 7 chunks of flesh


   Skills:
 + Level 10.6 Fighting
 - Level 8.0 Short Blades
   Level 1.0(2.9) Axes
   Level 4.9(5.0) Maces & Flails
 - Level 10.0 Crossbows
 + Level 12.2 Dodging
 - Level 10.8 Stealth
 - Level 5.6 Shields
 - Level 3.3 Spellcasting
 - Level 4.0 Conjurations
 + Level 6.5 Hexes
 - Level 1.6 Translocations
 + Level 4.1 Transmutations
 - Level 4.0 Fire Magic
 + Level 14.2 Invocations


You had 3 spell levels left.
You knew the following spells:

 Your Spells              Type           Power        Failure   Level  Hunger
a - Portal Projectile     Hex/Tloc       ####..       9%          3    ###....
b - Conjure Flame         Conj/Fire      ####....     9%          3    ###....
c - Confuse               Hex            #####...     3%          3    ###....
d - Yara's Violent Unrav  Hex/Tmut       ####......   43%         5    ######.
s - Slow                  Hex            #####...     1%          2    ##.....
v - Corona                Hex            #####..      1%          1    None

Your spell library contained the following spells:

 Spells                   Type           Power        Failure   Level  Hunger
 Confusing Touch          Hex            #####.       1%          1    None
 Beastly Appendage        Tmut           ####..       3%          1    None
 Magic Dart               Conj           ####         3%          1    None
 Searing Ray              Conj           ####..       4%          2    ##.....
 Sticks to Snakes         Tmut           ####....     4%          2    ##.....
 Dazzling Spray           Conj/Hex       ####..       5%          3    ###....
 Inner Flame              Hex/Fire       ####....     5%          3    ###....
 Blink                    Tloc           N/A          12%         2    ##.....
 Spider Form              Tmut/Pois      ###.......   21%         3    ###....
 Call Imp                 Summ           #.......     24%         2    ##.....
 Gell's Gravitas          Tloc           ##........   24%         3    ###....
 Mephitic Cloud           Conj/Pois/Air  ##......     26%         3    ###....
 Cause Fear               Hex            #####.....   11%         4    ####...
 Fulminant Prism          Conj/Hex       ####......   19%         4    ####...
 Iskenderun's Mystic Bla  Conj           ####....     30%         4    ####...
 Leda's Liquefaction      Hex/Erth       ###.......   38%         4    ####...
 Force Lance              Conj/Tloc      ###.....     43%         4    ####...
 Ice Form                 Ice/Tmut       ###.....     56%         4    ####...
 Petrify                  Tmut/Erth      ###.....     56%         4    ####...
 Blade Hands              Tmut           ####......   63%         5    ######.
 Metabolic Englaciation   Hex/Ice        ###.......   75%         5    ######.


Dungeon Overview and Level Annotations

Branches:
Dungeon (12/15)            Temple (0/1) D:7            Lair (6/6) D:8
  Swamp (0/4) Lair:2       Spider (0/4) Lair:2        Slime (0/5) Lair:5
    Orc (2/2) D:12            Elf (0/3) Orc:2

Altars:
Cheibriados
Dithmenos
Elyvilon
Hepliaklqana
Okawaru
Qazlal
Trog
Uskayaw
Vehumet
Xom
Yredelemnul
Zin

Shops:
D:6 [?(   D:12 ([   Orc:2 [%=((

Annotations:
D:2 Natasha
D:4 2 transporters
D:8 1 runed translucent door, Gastronok; OleJ's ghost, novice NaAs
Lair:4 Urug
Lair:5 exclusion: hydra
Orc:2 Donald


Innate Abilities, Weirdness & Mutations

You are small and have problems with some larger weapons.
You are carnivorous and can eat meat at any time.


Message History

You shoot a bolt.
The bolt hits Donald but does no damage.
i - the +5 quick blade "Kobold's Foe" (weapon)
{pierce, rPois Str-3 Dex+2} You hit Donald but do no damage.
Donald is engulfed in blazing flames.
You block Donald's attack.
You puncture Donald! Donald blocks your attack.
You hit Donald but do no damage.
Donald is engulfed in blazing flames.
Donald says, "I hate complainers so much."
Donald hits you with a +3 double sword of flaming!
Donald burns you!
You take 22 damage, and have 71/93 hp.
MASSIVE DAMAGE!!
You hit Donald but do no damage. You hit Donald but do no damage.
Donald is engulfed in blazing flames.
Donald hits you with a +3 double sword of flaming!!!
Ouch! That really hurt!
* * * LOW HITPOINT WARNING * * *
Donald burns you!!
You die...

.#..........................#....
...................<.........#.
....(((........................
..............#................
.............#(...#............
.o.........@......#............
@............)(.......#..#.....
o...........##@#.........#.....
...........###@.......#.###.#.#
............#.........### #####
............##.####...>#
.....#..#..##### ##..##
############ ####


You could see Donald.

Levels and vault maps discovered:
D:1:      lightli_arrival_maybe_door_vault, layout_loops_ring, serial_bayou,
          serial_bayou_pond_e, serial_bayou_pond_d, serial_bayou_pond_a,
          serial_bayou_pond_c, minivault_23, kennysheep_another_room
D:2:      layout_basic, old_standard_altar, uniq_natasha
D:3:      layout_basic, kennysheep_potato, uniq_robin
D:4:      layout_basic, gammafunk_temple_overflow_arena, cheibriados_altar_1,
          first_ration, kennysheep_generic_room_14, uniq_duvessa
D:5:      layout_loops_ring, lemuel_doored_altar,
          nicolae_dithmenos_shadow_blocks
D:6:      layout_rooms, dancing_weapons_uskayaw, serial_shops, shop, shop, shop
D:7:      layout_loops_ring, chequers_temple_overflow_statue_of_worship,
          minmay_temple_entry_drinking_statues, basic_altar, serial_park_tiny_1
D:8:      layout_rooms, old_standard_altar, erik_lair_orcish_takeover,
          ebering_ghost_reflecting_pool, uniq_gastronok, uniq_grum
D:9:      layout_basic, kennysheep_mini, basic_altar, grunt_pizzeria
D:10:     layout_basic, wad_rectangle_vault
D:11:     layout_layer_cave, minmay_mirror_moons_of_madness
D:12:     layout_roguey, orc_david_3, uniq_nessos
Lair:1:   layout_long_grid, serial_bayou_shore_a, grunt_megastairs_3,
          lemuel_fruit_tree
Lair:2:   layout_loops_ring, minmay_swamp_entry_worms, dummy_spider_entry,
          grunt_megastairs_2
Lair:3:   layout_regular_city
Lair:4:   layout_misc_corridors, grunt_megastairs_5, uniq_urug
Lair:5:   layout_small_grid, minmay_slime_entry_pillars
Lair:6:   hangedman_lair_tendril_chambers, layout_misc_corridors
Orc:1:    layout_diamond_mine, basic_altar, minmay_orc_keep
Orc:2:    st_orc_open, layout_caves, serial_shops, shop, uniq_azrael,
          uniq_saint_roka, uniq_donald

Notes
Turn   | Place    | Note
-------+----------+-------------------------------------------
     0 | D:1      | ventricule the Kobold Arcane Marksman began the quest for
                  | the Orb.
     0 | D:1      | Reached XP level 1. HP: 12/12 MP: 2/2
     5 | D:1      | Identified a +0 short sword
    13 | D:1      | Identified a +0 hand crossbow
   117 | D:1      | Identified a +0 dagger
   218 | D:1      | Reached XP level 2. HP: 15/16 MP: 3/3
   250 | D:1      | Identified a +0 dagger
   483 | D:1      | Reached skill level 3 in Crossbows
   710 | D:1      | Reached skill level 2 in Fighting
   803 | D:1      | Reached XP level 3. HP: 17/21 MP: 2/4
   970 | D:1      | Identified a +0 dagger
   971 | D:1      | Identified a +0 whip
  1485 | D:2      | Identified an amulet of magic regeneration (You found it on
                  | level 1 of the Dungeon)
  1498 | D:2      | Identified a +0 club
  1522 | D:2      | Identified a +0 hat (You found it on level 2 of the
                  | Dungeon)
  1736 | D:2      | Identified a +0 whip
  1736 | D:2      | Identified a +0 club
  1756 | D:2      | Learned a level 2 spell: Slow
  1849 | D:2      | Found a white marble altar of Elyvilon.
  1860 | D:2      | ventricule: ??kobold
  1860 | D:2      | beem: kobold[1/3]: While the true nature of the Kobold
                  | remains a mystery, some ancient texts have described it as
                  | "a sort of brown moth".
  1860 | D:2      | ventricule: ??kobold[2]
  1860 | D:2      | beem: kobold[2/3]: One of the three main causes of
                  | early-game mage death, thanks to spawning fairly often with
                  | either stones, a blowgun+poisoned needles, or rarely a hand
                  | crossbow. Melee characters should not need to worry too
                  | much unless the kobold is using curare-tipped needles.
  1860 | D:2      | ventricule: ??kobold[3]
  1860 | D:2      | beem: kobold[3/3]: http://puu.sh/o5WpK/7016124325.jpg
  1860 | D:2      | ventricule: ??ely
  1860 | D:2      | beem: elyvilon[1/4]: The divinity of healing. Most reliable
                  | source of protection from being killed (see {divine
                  | protection}), but will impose penance (i.e. not answer your
                  | requests for help) if you kill living creatures while
                  | invoking said protection. Provides healing invocations, but
                  | dislikes cannibalism, the use of necromancy, and allowing
                  | allies to die.
  1860 | D:2      | ventricule: ??ely[2]
  1860 | D:2      | beem: elyvilon[2/4]: Elyvilon grants piety for exploring
                  | the dungeon. This piety can be used for: self-healing,
                  | monster {pacification}, {purification}, {divine vigour},
                  | {divine protection}.
  1860 | D:2      | ventricule: ??ely[3]
  1860 | D:2      | beem: elyvilon[3/4]: no you fucking moccasin the stairs
                  | are right there dont walk away from them no why arghh
  1860 | D:2      | ventricule: ??ely[4]
  1860 | D:2      | beem: ELYVILON! E-Explore! L-Levels!!! Y-Your! V-Violent!
                  | I-Inquisition! L-Leaves! O-Out! N-Nothing!!! Explore
                  | Levels!! Your Violent Inquisition Leaves Out Nothing!!!
                  | EXPLORE LEVELS!! YOUR VIOLENT INQUISITION LEAVES OUT
                  | NOTHING!!!
  1860 | D:2      | Became a worshipper of Elyvilon the Healer
  1909 | D:2      | Reached XP level 4. HP: 27/27 MP: 3/5
  1982 | D:2      | Identified a +0 club
  2109 | D:2      | Noticed Natasha
  2118 | D:2      | Killed Natasha
  2118 | D:2      | Reached skill level 4 in Crossbows
  2118 | D:2      | Reached skill level 1 in Stealth
  2304 | D:3      | Identified a cursed -2 club
  2449 | D:3      | Reached * piety under Elyvilon
  2450 | D:3      | Identified a +0 dagger
  2457 | D:3      | Reached skill level 1 in Short Blades
  2615 | D:3      | Identified a +0 war axe
  2615 | D:3      | Identified a +0 club
  2669 | D:3      | Identified a +0 short sword
  2675 | D:3      | Reached skill level 1 in Invocations
  2922 | D:3      | Identified a +0 club
  3039 | D:3      | Reached XP level 5. HP: 22/31 MP: 3/6
  3315 | D:3      | Identified a cursed +0 pair of boots (You found it on level
                  | 3 of the Dungeon)
  3315 | D:3      | Identified a +0 club
  3336 | D:3      | Identified a +0 dagger
  3444 | D:3      | Identified a cursed -2 club
  3448 | D:3      | Identified a +0 whip
  3448 | D:3      | Identified a cursed -1 animal skin
  3448 | D:3      | Identified a +0 helmet
  3448 | D:3      | Noticed Robin
  3453 | D:3      | Identified a +0 club
  3458 | D:3      | Reached skill level 2 in Stealth
  3462 | D:3      | Identified 8 scrolls of identify
  3462 | D:3      | Identified 2 potions of cancellation
  3517 | D:2      | Noticed Natasha
  3758 | D:3      | Learned a level 3 spell: Portal Projectile
  3766 | D:3      | Killed Robin
  3828 | D:3      | Reached skill level 2 in Short Blades
  3955 | D:3      | You fall into a shaft and drop 3 floors!
  3995 | D:6      | Identified a +0 dagger
  3995 | D:6      | Noticed a +0 dagger
  3995 | D:6      | Identified a +0 dagger
  3995 | D:6      | Noticed a +0 dagger
  4002 | D:6      | Identified a scroll of amnesia
  4003 | D:6      | Identified a scroll of teleportation
  4004 | D:6      | Identified a scroll of fear
  4005 | D:6      | Identified a scroll of random uselessness
  4006 | D:6      | Identified a scroll of remove curse
  4007 | D:6      | Identified a +0 flail
  4007 | D:6      | Identified a +0 scale mail
  4015 | D:6      | Identified a ring of fire (You found it on level 6 of the
                  | Dungeon)
  4017 | D:6      | Identified a scroll of enchant weapon
  4043 | D:6      | Found Cempo's Magic Scroll Shop.
  4048 | D:6      | Bought a scroll of identify for 26 gold pieces
  4048 | D:6      | Identified a potion of flight
  4049 | D:6      | Identified a potion of agility
  4050 | D:6      | Identified 2 potions of heal wounds
  4051 | D:6      | Identified 2 potions of curing
  4052 | D:6      | Identified a potion of brilliance
  4053 | D:6      | Identified a +0 rapier (You found it on level 6 of the
                  | Dungeon)
  4075 | D:5      | Entered Level 5 of the Dungeon
  4094 | D:5      | Found a shimmering altar of Xom.
  4094 | D:5      | Noticed a phantom
  4111 | D:5      | Killed a phantom
  4111 | D:5      | Reached skill level 3 in Short Blades
  4111 | D:5      | Reached skill level 2 in Invocations
  4111 | D:5      | Reached XP level 6. HP: 36/36 MP: 7/7
  4346 | D:5      | Reached skill level 5 in Crossbows
  4355 | D:5      | Found a shadowy altar of Dithmenos.
  4382 | D:5      | Reached ** piety under Elyvilon
  4399 | D:5      | Reached skill level 3 in Invocations
  4565 | D:5      | Reached XP level 7. HP: 40/40 MP: 7/9
  4605 | D:5      | Identified a potion of haste
  4606 | D:5      | Identified a potion of might
  4607 | D:5      | Identified a potion of mutation
  4620 | D:5      | Identified a +0 shortbow
  5070 | D:4      | Identified a +0 war axe
  5070 | D:4      | Identified a +0 leather armour
  5070 | D:4      | Identified a +0 club
  5070 | D:4      | Identified a cursed +0 chain mail
  5070 | D:4      | Identified a +0 club
  5070 | D:4      | Identified a +0 leather armour
  5085 | D:4      | Identified a +0 dagger
  5085 | D:4      | Identified a +0 robe
  5198 | D:4      | Identified a +0 leather armour
  5295 | D:4      | Reached skill level 3 in Dodging
  5345 | D:4      | Reached skill level 4 in Invocations
  5417 | D:4      | Found a bloodstained altar of Trog.
  5554 | D:3      | Identified a scroll of magic mapping
  5560 | D:3      | Reached skill level 6 in Crossbows
  5575 | D:3      | Identified a scroll of fog
  5605 | D:3      | Identified a +0 short sword
  5605 | D:3      | Identified a +0 leather armour
  5606 | D:3      | Identified a +0 club
  5608 | D:3      | Identified a +0 falchion
  5608 | D:3      | Identified a cursed +0 leather armour
  5608 | D:3      | Identified a +0 dagger
  5878 | D:4      | Identified a +0 chain mail
  5878 | D:4      | Identified a +4 whip
  5878 | D:4      | Identified a +0 short sword
  5976 | D:4      | Identified a scroll of immolation
  6056 | D:4      | Identified a +0 giant spiked club
  6057 | D:4      | Identified a +0 dagger
  6057 | D:4      | Identified a +0 scale mail
  6276 | D:4      | Reached XP level 8. HP: 43/45 MP: 11/11
  6289 | D:4      | Found a snail-covered altar of Cheibriados.
  6344 | D:4      | Identified a +0 giant club
  6367 | D:4      | Reached skill level 4 in Dodging
  6487 | D:4      | Found a transporter.
  6488 | D:4      | Found a transporter.
  6490 | D:4      | Identified a +0 flail
  6490 | D:4      | Identified a +0 plate armour
  6502 | D:4      | Identified a +0 rapier
  6502 | D:4      | Identified a +0 leather armour
  6502 | D:4      | Noticed Duvessa
  6598 | D:4      | Identified a +0 whip
  6610 | D:4      | Identified a ring of stealth (You found it on level 4 of
                  | the Dungeon)
  6921 | D:4      | Identified a +2 dagger of freezing
  6921 | D:4      | Identified a +1 robe of the Archmagi
  6921 | D:4      | Noticed Dowan
  6991 | D:4      | Killed Duvessa
  6994 | D:4      | Killed Dowan
  6994 | D:4      | Reached skill level 5 in Invocations
  7154 | D:4      | meem: I'm meem, an infobot run by MalcolmRoseGaming: Type
                  | !submeem to keep me in your games; !nomeem to shut me up
                  | forever; !meem for help; !whymeem if you want to know why
                  | meem exists. Visit http://youtube.com/malcolmrosegaming for
                  | more DCSS content.
  7170 | D:4      | Reached skill level 7 in Crossbows
  7316 | D:5      | Reached *** piety under Elyvilon
  7323 | D:5      | Identified a +0 giant club
  7344 | D:5      | Reached skill level 5 in Dodging
  7369 | D:5      | Learned a level 3 spell: Confuse
  7456 | D:5      | HP: 8/45 [worker ant (5)]
  7461 | D:5      | HP: 11/45 [poisoned by a worker ant]
  7467 | D:5      | HP: 9/45 [poisoned by a worker ant]
  7473 | D:5      | HP: 8/45 [poisoned by a worker ant]
  7481 | D:5      | HP: 7/45 [poisoned by a worker ant]
  8262 | D:6      | Identified a scroll of noise
  8264 | D:6      | Identified a potion of lignification
  8311 | D:6      | Identified a +0 shortbow
  8337 | D:6      | Identified a +0 dagger
  8337 | D:6      | Identified a +0 robe
  8337 | D:6      | Identified a +0 mace
  8425 | D:6      | Found Sonier's Antique Weapon Boutique.
  8606 | D:6      | Found Neofibigg's Armour Shop.
  8607 | D:6      | Identified a +4 hand axe
  8607 | D:6      | Identified a +0 robe
  8613 | D:6      | Reached XP level 9. HP: 43/49 MP: 13/13
  8674 | D:6      | Bought a +0 cloak for 49 gold pieces
  8725 | D:6      | Found a hide-covered altar of Uskayaw.
  8762 | D:6      | Reached skill level 6 in Invocations
  9026 | D:6      | ventricule: !whymeem
  9026 | D:6      | meem: This bot is a fork of beem. It exists because the
                  | former developer insisted upon banning many individuals
                  | over issues unrelated to DCSS. Infobot services should not
                  | be limited to only those well-liked by the maintainers,
                  | therefore you have my word that meem shall always remain
                  | free from such prejudices. - Malcolm
  9144 | D:7      | Identified a +0 whip
  9144 | D:7      | Identified a +0 spear
  9161 | D:7      | Reached skill level 3 in Fighting
  9161 | D:7      | Reached skill level 6 in Dodging
  9166 | D:7      | Reached skill level 8 in Crossbows
  9292 | D:7      | Found a staircase to the Ecumenical Temple.
  9326 | D:6      | Bought the cursed +0 buckler of a bazaar {Dex-4 Slay+3
                  | Stlth+} for 170 gold pieces
  9520 | D:7      | Identified a scarf of spirit shield (You found it on level
                  | 7 of the Dungeon)
  9565 | D:7      | Identified a +0 club
  9565 | D:7      | Identified a +0 leather armour
  9567 | D:7      | Identified a +0 spear
  9567 | D:7      | Identified a +0 spear
  9750 | D:7      | Identified a +0 giant club
  9761 | D:7      | Reached skill level 1 in Shields
  9878 | D:7      | Found a stormy altar of Qazlal.
  9879 | D:7      | Found an iron altar of Okawaru.
  9880 | D:7      | Found a hazy altar of Hepliaklqana.
  9880 | D:7      | Found a radiant altar of Vehumet.
  9880 | D:7      | Identified a +1 vampiric whip
  9881 | D:7      | Identified a +0 spear
  9932 | D:7      | Identified a +1 pair of boots of running (You found it on
                  | level 7 of the Dungeon)
  9961 | D:7      | Found a stormy altar of Qazlal.
  9968 | D:7      | Identified a potion of degeneration
 10290 | D:7      | Reached skill level 2 in Shields
 10566 | D:8      | Reached **** piety under Elyvilon
 10566 | D:8      | Found a glowing silver altar of Zin.
 10599 | D:8      | Identified a scroll of enchant armour
 10608 | D:8      | Identified a +0 dagger
 10608 | D:8      | Identified a +0 robe
 10614 | D:8      | Reached skill level 7 in Invocations
 10625 | D:8      | Identified a +0 dagger
 10625 | D:8      | Identified a +0 chain mail
 10625 | D:8      | Identified a +0 war axe
 10666 | D:8      | Identified a +1 hat
 10666 | D:8      | Noticed Gastronok
 10691 | D:8      | Identified a +0 hand axe
 10747 | D:8      | Reached skill level 3 in Shields
 10804 | D:8      | Identified a +0 spear
 10804 | D:8      | Identified a +0 animal skin
 10804 | D:8      | Noticed Grum
 10806 | D:8      | Reached skill level 9 in Crossbows
 10813 | D:8      | Identified a +0 dagger
 10814 | D:8      | Identified a +0 giant spiked club
 10814 | D:8      | Identified a +0 halberd
 10814 | D:8      | Identified a +0 plate armour
 10814 | D:8      | Identified a +0 mace
 10816 | D:8      | Identified a +0 short sword
 10816 | D:8      | Identified a +0 robe
 10817 | D:8      | Identified a cursed +0 great sword
 10817 | D:8      | Identified a +0 ring mail
 10819 | D:8      | Identified a +0 whip
 11014 | D:8      | Identified a +0 dagger
 11014 | D:8      | Identified a +0 robe
 11014 | D:8      | Identified a +0 mace
 11014 | D:8      | Identified a +0 scale mail
 11014 | D:8      | Identified a +0 hand axe
 11014 | D:8      | Identified a +0 leather armour
 11085 | D:8      | Found a runed translucent door.
 11113 | D:8      | Reached XP level 10. HP: 29/56 MP: 15/15
 11337 | D:8      | Killed Grum
 11384 | D:8      | Identified a +0 dagger
 11384 | D:8      | Identified a +0 robe
 11390 | D:8      | Reached skill level 4 in Shields
 11688 | D:8      | Noticed OleJ's ghost (novice NaAs)
 11923 | D:8      | Identified a +0 club
 12132 | D:8      | Identified a +0 hand axe
 12132 | D:8      | Identified a cursed +0 leather armour
 12132 | D:8      | Identified a +0 club
 12324 | D:8      | ventricule: ??gastronok
 12324 | D:8      | meem: gastronok[1/5]: A greedy elephant slug who ate a
                  | wizard for lunch and now casts spells! Casts airstrike,
                  | spammals, swiftness, slow, and 'slugform'-flavoured
                  | cantrip. You feel sluggish! He's even smart enough to open
                  | doors! HD 20 means he has a 95% chance of just ignoring
                  | your mephitic clouds. Has a hat, sometimes the {hat of
                  | pondering}.
 12324 | D:8      | beem: gastronok[1/5]: A greedy elephant slug who ate a
                  | wizard for lunch and now casts spells! Casts airstrike,
                  | spammals, swiftness, slow, and 'slugform'-flavoured
                  | cantrip. You feel sluggish! He's even smart enough to open
                  | doors! HD 20 means he has a 95% chance of just ignoring
                  | your mephitic clouds. Has a hat, sometimes the {hat of
                  | pondering}.
 12329 | D:8      | Identified a +0 whip
 12331 | D:8      | Identified a +0 spear
 12332 | D:8      | Identified a +0 quarterstaff
 12706 | D:8      | Identified a +0 giant spiked club
 12707 | D:8      | Identified a +0 flail
 12707 | D:8      | Identified a +0 ring mail
 12728 | D:8      | Reached skill level 8 in Invocations
 12768 | D:8      | Identified a +0 mace
 12768 | D:8      | Identified a +0 chain mail
 12786 | D:8      | Reached skill level 5 in Shields
 12917 | D:8      | Found a staircase to the Lair.
 13051 | D:8      | ventricule: ??gastronok[2]
 13051 | D:8      | meem: gastronok[2/5]: Gastronok has been unjustly deprived
                  | of his 150 damage. Please multiply any damage you take from
                  | his melee attacks by 3.75.
 13051 | D:8      | beem: gastronok[2/5]: Gastronok has been unjustly deprived
                  | of his 150 damage. Please multiply any damage you take from
                  | his melee attacks by 3.75.
 13051 | D:8      | ventricule: ??gastronok[3]
 13051 | D:8      | meem: guru wisdom[3/27]: gastronok is like a titan but
                  | with less speed and lightning and more spammals
 13051 | D:8      | beem: guru wisdom[3/27]: gastronok is like a titan but
                  | with less speed and lightning and more spammals
 13051 | D:8      | ventricule: ??gastronok[4]
 13051 | D:8      | meem: gastronok[4/5]: you can 'kill' gastronok by walking
                  | out of his los
 13051 | D:8      | beem: gastronok[4/5]: you can 'kill' gastronok by walking
                  | out of his los
 13051 | D:8      | ventricule: ??gastronok[5]
 13051 | D:8      | meem: gastronok[5/5]: http://i.imgur.com/Vxi0h.png
 13051 | D:8      | beem: gastronok[5/5]: http://i.imgur.com/Vxi0h.png
 13309 | D:9      | Found a shimmering altar of Xom.
 13604 | D:9      | Identified a +0 shortbow
 13797 | D:9      | Reached skill level 10 in Crossbows
 14024 | D:9      | Identified a ring of see invisible (You found it on level 9
                  | of the Dungeon)
 14057 | D:9      | Identified a cursed +0 dagger
 14267 | D:9      | Found a basalt altar of Yredelemnul.
 14362 | D:10     | Entered Level 10 of the Dungeon
 14362 | D:10     | Identified a +1 scimitar of flaming
 14362 | D:10     | Noticed an efreet
 14532 | D:10     | Identified a +0 flail
 14532 | D:10     | Identified a +0 leather armour
 14532 | D:10     | Identified a +0 dagger
 14532 | D:10     | Identified a +0 leather armour
 14550 | D:10     | Identified a +0 flail
 14550 | D:10     | Identified a +0 robe
 14599 | D:10     | Identified a +3 hand axe
 14599 | D:10     | Identified a +0 club
 14599 | D:10     | Identified a +0 mace
 14621 | D:10     | Reached skill level 4 in Fighting
 14647 | D:10     | Identified a +0 whip
 14647 | D:10     | Identified a +0 leather armour
 14695 | D:10     | Identified a +0 hand axe
 14695 | D:10     | Identified a +0 leather armour
 14704 | D:10     | Identified a +0 dagger
 14704 | D:10     | Identified a +0 robe
 14723 | D:10     | Identified a +0 giant club
 14880 | D:10     | Reached skill level 4 in Hexes
 14880 | D:10     | Reached XP level 11. HP: 46/61 MP: 4/17
 15049 | D:10     | ventricule: ??sticks_to_snakes
 15049 | D:10     | meem: sticks to snakes[1/4]: Turns arrows from your
                  | inventory into various snakes. Higher spell power gives
                  | nastier snakes.
 15049 | D:10     | beem: sticks to snakes[1/4]: Turns arrows from your
                  | inventory into various snakes. Higher spell power gives
                  | nastier snakes.
 15049 | D:10     | ventricule: ??sticks_to_snakes[2]
 15049 | D:10     | meem: sticks to snakes[2/4]: Makes you look like Moses.
 15049 | D:10     | beem: sticks to snakes[2/4]: Makes you look like Moses.
 15049 | D:10     | ventricule: ??sticks_to_snakes[3]
 15049 | D:10     | meem: sticks to snakes[3/4]: Eh, Sticks to Snakes seems to
                  | fall off in my experience once I get around 3-5 runes
 15049 | D:10     | beem: sticks to snakes[3/4]: Eh, Sticks to Snakes seems to
                  | fall off in my experience once I get around 3-5 runes
 15049 | D:10     | ventricule: ??sticks_to_snakes[4]
 15049 | D:10     | meem: sticks to snakes[4/4]: Boris says to your adder,
                  | "You haven't seen the last of me!"
 15049 | D:10     | beem: sticks to snakes[4/4]: Boris says to your adder,
                  | "You haven't seen the last of me!"
 15117 | D:10     | Noticed an unseen horror
 15134 | D:10     | Killed an unseen horror
 15134 | D:10     | Reached skill level 7 in Dodging
 15134 | D:10     | Reached skill level 9 in Invocations
 15260 | D:10     | Identified a +0 troll leather armour
 15478 | D:10     | Reached skill level 1 in Translocations
 15543 | D:10     | ventricule: ??war axe
 15543 | D:10     | beem: war axe[1/2]: (axes; +0 acc / 11 dam / 1.5 base delay
                  | / 0.7 min delay). A military axe with a long haft and a
                  | single-bladed head.
 15590 | D:10     | Reached skill level 5 in Fighting
 16084 | D:5      | Identified a scroll of torment
 16085 | D:5      | Identified a scroll of blinking
 16086 | D:5      | Identified a +1 war axe of venom (You found it on level 5
                  | of the Dungeon)
 16531 | D:10     | ventricule: ??scimitar
 16531 | D:10     | beem: scimitar[1/1]: (long blades; +0 acc / 11 dam / 1.4
                  | base delay / 0.7 min delay). A long sword with a wide,
                  | curved blade.
 16570 | D:10     | Learned a level 3 spell: Conjure Flame
 16658 | D:10     | Identified a +0 short sword
 16658 | D:10     | Identified a +0 club
 16661 | D:10     | Identified a +0 dagger
 16670 | D:10     | Reached skill level 1 in Axes
 16733 | D:10     | Identified a +6 morningstar
 16751 | D:10     | HP: 9/63 [gargoyle/stone arrow (18)]
 16772 | D:10     | ventricule: ??divine_protection
 16772 | D:10     | beem: divine protection[1/2]: While under divine
                  | protection, {life saving} is guaranteed if you are above
                  | 130 piety, but you will lose 20+1d20 piety each time it
                  | happens. If below 130 piety, then you get saved (with no
                  | piety loss) if 1d(piety) > 30. In the latter case, your
                  | effective piety is multiplied by 4/3 if wearing faith.
 16772 | D:10     | ventricule: ??divine_protection[2]
 16772 | D:10     | beem: divine protection[2/2]: Lasts for approximately
                  | 90+2d(piety)/2 auts. Reusing it doesn't add to the
                  | duration, it just resets it. If you kill a natural monster
                  | while under divine protection, penance is imposed. Minotaur
                  | headbutt is disabled during divine protection.
 17046 | D:10     | Reached skill level 2 in Spellcasting
 17046 | D:10     | Reached skill level 1 in Conjurations
 17046 | D:10     | Reached skill level 1 in Fire Magic
 17054 | D:10     | Identified a ring of evasion (You found it on level 10 of
                  | the Dungeon)
 17187 | Lair:1   | Entered Level 1 of the Lair of Beasts
 17565 | Lair:1   | Noticed a four-headed hydra
 17732 | Lair:1   | Reached skill level 2 in Conjurations
 17738 | Lair:1   | Pacified a four-headed hydra
 17738 | Lair:1   | Reached skill level 1 in Maces & Flails
 17738 | Lair:1   | Reached skill level 2 in Fire Magic
 17757 | Lair:1   | Identified a scroll of vulnerability
 18139 | D:8      | Reached skill level 3 in Conjurations
 18139 | D:8      | Reached skill level 3 in Fire Magic
 18356 | Lair:1   | Identified 2 potions of resistance
 18469 | Lair:1   | Reached skill level 3 in Spellcasting
 18529 | Lair:1   | Reached ***** piety under Elyvilon
 18530 | Lair:1   | ventricule: ??piety
 18530 | Lair:1   | beem: piety[1/6]: With your current god, you have a piety
                  | number nominally from 1-200. If your piety reaches 0, you
                  | are excommunicated. piety[2] describes piety and penance.
                  | piety[3] describes piety growth in general. piety[4]
                  | describes piety growth for each god. piety[5] describes
                  | uses of piety.
 18530 | Lair:1   | ventricule: ??piety[2]
 18530 | Lair:1   | beem: piety[2/6]: When you gain piety, first try to deduct
                  | as many points of penance. Failing that, deduct that many
                  | points from the gift timeout. Failing that, or 1/4 chance
                  | if gift timeout was reduced, you either get a {god gift} or
                  | piety, depending on randomness, your god, and your current
                  | piety.
 18530 | Lair:1   | ventricule: ??piety[3]
 18530 | Lair:1   | beem: piety[3/6]: Piety growth slows at high levels; 0% at
                  | 200, 44% at >=160, 66% at >=100. Ru has no tapering (and
                  | stops at 160). Gift timeout is still decremented 100% of
                  | the time, so gifts effectively cost less piety once you are
                  | at >=100 piety and even less once you are at >=160 piety.
 18530 | Lair:1   | ventricule: ??piety[4]
 18530 | Lair:1   | beem: piety[4/6]: Piety for most gods decays over time:
                  | 1/17 every 20 turns for BDJKLMOQTVWYZ, 1/35 for ACEFHNS1.
                  | RX do not have piety decay (X piety changes randomly). G
                  | does not have piety. U piety decays very quickly when not
                  | doing damage.
 18530 | Lair:1   | ventricule: ??piety[5]
 18530 | Lair:1   | beem: piety[5/6]: Piety controls what abilities you can
                  | use, chance of miraculous salvation by good gods, and
                  | ability power with Trog; gaining it is the way to get
                  | divine gifts.
 18530 | Lair:1   | ventricule: ??piety[6]
 18530 | Lair:1   | beem: piety[6/6]: ...... = 1-29 piety; *..... 30-49; **....
                  | 50-74; ***... 75-99; ****.. 100-119; *****. 120-159; ******
                  | 160-200
 18648 | Lair:1   | Reached skill level 2 in Maces & Flails
 18648 | Lair:1   | Reached XP level 12. HP: 50/68 MP: 19/19
 19391 | Lair:1   | Identified a ring of positive energy (You found it on level
                  | 1 of the Lair of Beasts)
 19525 | D:6      | Bought a +2 helmet of intelligence for 236 gold pieces
 19861 | Lair:2   | Reached skill level 10 in Invocations
 19895 | Lair:2   | Reached skill level 4 in Conjurations
 19895 | Lair:2   | Reached skill level 4 in Fire Magic
 20214 | Lair:2   | Found a hole to the Spider Nest.
 20216 | Lair:2   | Noticed a four-headed hydra
 20377 | Lair:2   | Identified 2 potions of invisibility
 20406 | Lair:2   | Reached skill level 8 in Dodging
 20668 | Lair:2   | Reached skill level 3 in Maces & Flails
 21229 | Lair:2   | Killed a four-headed hydra
 21358 | Lair:2   | Identified a potion of magic
 21465 | Lair:2   | Reached skill level 6 in Fighting
 21989 | Lair:2   | Found a staircase to the Swamp.
 22130 | Lair:3   | Reached skill level 4 in Maces & Flails
 22468 | Lair:3   | Reached skill level 9 in Dodging
 23072 | Lair:3   | Reached skill level 7 in Fighting
 23490 | Lair:3   | Reached skill level 11 in Invocations
 23580 | Lair:4   | Reached XP level 13. HP: 76/76 MP: 18/21
 23581 | Lair:4   | ventricule: ??yqrq
 23581 | Lair:4   | beem: I don't have a page labeled yqrq in my learndb.
 23581 | Lair:4   | ventricule: ??yara
 23581 | Lair:4   | beem: yara's violent unravelling[1/2]: A Level 5
                  | Hexes/Transmutations spell that dispels all enchantments
                  | (dispellable effects) on the target; if there were any,
                  | causes a radius-1 explosion that damages and malmutates
                  | everything within. Found in the Books of Hindrance and
                  | Enchantments.
 23581 | Lair:4   | ventricule: ??yara[2]
 23581 | Lair:4   | beem: yara's violent unravelling[2/2]: Dispellable monster
                  | effects: agility, black mark, charm, confusion, control
                  | winds, corona, deflect missiles, dimensional anchor, fear,
                  | frenzy, injury bond, inner flame, might, ozocubu's armor,
                  | paralysis, petrif(ied|ying), regeneration, repel missiles,
                  | resistance, sap magic, silver corona, swiftness, teleport,
                  | toxic radiance.
 23585 | Lair:4   | Reached ****** piety under Elyvilon
 23735 | Lair:4   | Identified a +6 eveningstar of draining
 23735 | Lair:4   | Identified a cursed +0 scale mail
 23735 | Lair:4   | Noticed Urug
 23799 | Lair:4   | Identified a scroll of acquirement
 23803 | Lair:4   | Got a bone quick blade
 23804 | Lair:4   | Identified the +5 quick blade "Kobold's Foe" {pierce, rPois
                  | Str-3 Dex+2} (You acquired it on level 4 of the Lair of
                  | Beasts)
 23839 | Lair:4   | Reached skill level 4 in Short Blades
 24141 | Lair:5   | Found a staircase to the Slime Pits.
 24618 | Lair:5   | Reached skill level 5 in Short Blades
 24661 | Lair:5   | Reached skill level 3 in Stealth
 24884 | Lair:5   | Noticed a four-headed hydra
 24920 | Lair:5   | Killed a four-headed hydra
 24920 | Lair:5   | Reached skill level 6 in Short Blades
 24920 | Lair:5   | Reached skill level 4 in Stealth
 25031 | Lair:5   | ventricule: ??stabbing
 25031 | Lair:5   | beem: stabbing[1/5]: A stab with a short blade does
                  | increased damage: (dam+bonus)*mult, where bonus depends on
                  | dex and stealth/weapon skills and is capped at 30, and mult
                  | depends on your stealth/weapon skills and the type of stab
                  | (sleep/paralysis is best). Non-short blades don't get a
                  | bonus and have lower mult. Daggers get bonus doubled (but
                  | still capped at 30).
 25040 | Lair:5   | ventricule: ??crossbows
 25040 | Lair:5   | beem: crossbow[1/1]: (acc,dam,delay,mindelay) [Hands]: hand
                  | crossbow (+5/12/1.5/1.0) [1H], arbalest (+2/18/1.9/1.0)
                  | [2H], triple crossbow (+0/22/2.3/1.0) [2H]. Fires bolts.
 25040 | Lair:5   | ventricule: ??crossbow
 25040 | Lair:5   | beem: crossbow[1/1]: (acc,dam,delay,mindelay) [Hands]: hand
                  | crossbow (+5/12/1.5/1.0) [1H], arbalest (+2/18/1.9/1.0)
                  | [2H], triple crossbow (+0/22/2.3/1.0) [2H]. Fires bolts.
 25059 | Lair:5   | Noticed a seven-headed hydra
 25442 | Lair:6   | Entered Level 6 of the Lair of Beasts
 25523 | Lair:6   | Reached skill level 5 in Stealth
 25531 | Lair:6   | Noticed an eight-headed hydra
 25939 | Lair:6   | Reached skill level 7 in Short Blades
 25939 | Lair:6   | Reached skill level 12 in Invocations
 25959 | Lair:6   | Reached skill level 6 in Stealth
 26395 | Lair:6   | Reached skill level 7 in Stealth
 26403 | Lair:6   | Reached skill level 8 in Short Blades
 26655 | Lair:6   | Killed an eight-headed hydra
 26655 | Lair:6   | Reached skill level 8 in Stealth
 26718 | Lair:5   | Reached XP level 14. HP: 70/83 MP: 12/23
 26860 | Lair:6   | Reached skill level 8 in Fighting
 27201 | Lair:6   | Reached skill level 10 in Dodging
 27563 | Lair:6   | Reached skill level 9 in Stealth
 27835 | Lair:6   | Reached skill level 13 in Invocations
 28555 | Lair:6   | Reached skill level 9 in Fighting
 28648 | Lair:6   | Reached skill level 10 in Stealth
 29270 | D:11     | Identified a +2 scimitar
 29270 | D:11     | Identified a +0 robe
 29392 | D:11     | Identified a +0 dire flail of protection
 29392 | D:11     | Identified a +0 giant club
 29536 | D:11     | Identified a +0 short sword
 29569 | D:11     | Reached skill level 11 in Dodging
 29613 | D:11     | Identified a +0 short sword
 29613 | D:11     | Identified a +0 club
 29621 | D:11     | Identified a +0 dagger
 29621 | D:11     | Identified a +0 robe
 29653 | D:11     | Identified a +0 trident
 29667 | D:11     | Identified a ring of slaying (You found it on level 6 of
                  | the Lair of Beasts)
 29922 | D:11     | Identified a +0 giant spiked club
 29922 | D:11     | Identified a +0 giant club
 29925 | D:11     | Identified a +0 dagger
 29925 | D:11     | Identified a +0 robe
 29925 | D:11     | Identified a +0 hand axe
 29931 | D:11     | Identified a +0 hand axe
 29932 | D:11     | Identified a +2 short sword of venom
 29932 | D:11     | Identified a cursed +0 scale mail
 30197 | D:11     | Identified a +0 whip
 30200 | D:11     | Identified a +0 flail
 30207 | D:11     | Identified a +0 spear
 30244 | D:11     | Identified a +0 troll leather armour
 30270 | D:11     | Identified a +0 dagger
 30270 | D:11     | Identified a +0 robe
 30271 | D:11     | Identified a +0 club
 30765 | D:12     | Identified a +0 shortbow
 30765 | D:12     | Identified a +0 shortbow
 30768 | D:12     | Identified a +0 shortbow
 30768 | D:12     | Identified a +0 shortbow
 30814 | D:12     | Identified a +0 flail
 30814 | D:12     | Identified a +0 ring mail
 30910 | D:12     | Found Rebbaev's Weapon Shoppe.
 30910 | D:12     | Found a staircase to the Orcish Mines.
 30910 | D:12     | Identified a +0 hand axe
 30910 | D:12     | Identified a +0 chain mail
 30910 | D:12     | Identified a +0 dagger
 30910 | D:12     | Identified a +0 halberd
 30910 | D:12     | Identified a +0 plate armour
 30910 | D:12     | Identified a +1 longbow of flaming
 30910 | D:12     | Identified a cursed +0 centaur barding
 30910 | D:12     | Noticed Nessos
 31256 | D:12     | Identified a cursed -3 giant club
 31256 | D:12     | Identified a cursed -2 giant club
 31282 | D:12     | Identified a +0 short sword
 31282 | D:12     | Identified a cursed +0 plate armour
 31282 | D:12     | Identified a +0 short sword
 31282 | D:12     | Identified a +0 scale mail
 31306 | D:12     | Found Judghiur's Armour Shoppe.
 31321 | D:12     | Learned a level 5 spell: Yara's Violent Unravelling
 31448 | D:12     | Bought a +2 cloak of poison resistance for 259 gold pieces
 31451 | D:12     | Bought a +0 pair of gloves for 63 gold pieces
 31512 | D:12     | Identified a +2 scimitar
 31512 | D:12     | Identified a +2 robe of magic resistance
 31513 | D:12     | Identified a cursed +0 halberd
 31513 | D:12     | Identified a cursed +0 robe
 31514 | D:12     | Identified a cursed +0 battleaxe
 31514 | D:12     | Identified a +0 robe
 31515 | D:12     | Identified a cursed +3 trident
 31515 | D:12     | Identified a +0 robe
 31649 | D:12     | Killed Nessos
 31649 | D:12     | Reached skill level 5 in Hexes
 31848 | Orc:1    | Entered Level 1 of the Orcish Mines
 31851 | Orc:1    | Found a radiant altar of Vehumet.
 31895 | Orc:1    | Identified a +0 leather armour
 31895 | Orc:1    | Identified a +0 dagger
 31895 | Orc:1    | Identified a +0 robe
 31895 | Orc:1    | Identified a cursed -2 club
 31895 | Orc:1    | Identified a +0 dagger
 31895 | Orc:1    | Identified a +0 robe
 31895 | Orc:1    | Identified a +0 club
 31895 | Orc:1    | Identified a +0 leather armour
 31895 | Orc:1    | Identified a +0 short sword
 31895 | Orc:1    | Identified a +0 dagger
 31895 | Orc:1    | Identified a +0 chain mail
 31895 | Orc:1    | Identified a +0 battleaxe
 31895 | Orc:1    | Identified a +0 chain mail
 31895 | Orc:1    | Identified a +0 dagger
 31895 | Orc:1    | Identified a +0 robe
 31895 | Orc:1    | Identified a +0 flail
 32064 | Orc:1    | Identified a +1 pair of gloves of dexterity (You found it
                  | on level 1 of the Orcish Mines)
 32175 | Orc:2    | Entered Level 2 of the Orcish Mines
 32175 | Orc:2    | Identified a +0 giant spiked club
 32175 | Orc:2    | Identified a +0 giant club
 32175 | Orc:2    | Identified a +0 giant spiked club
 32176 | Orc:2    | Found Dixoivem's Weapon Shoppe.
 32176 | Orc:2    | Identified a +0 giant club
 32177 | Orc:2    | Found Zitoocro's Food Emporium.
 32177 | Orc:2    | Identified a +0 giant club
 32177 | Orc:2    | Identified a cursed -2 giant club
 32184 | Orc:2    | Reached skill level 1 in Transmutations
 32184 | Orc:2    | Identified a +0 giant club
 32184 | Orc:2    | Identified a cursed -2 giant club
 32185 | Orc:2    | Identified a +0 leather armour
 32188 | Orc:2    | Identified a +0 giant club
 32188 | Orc:2    | Identified a +0 giant spiked club
 32207 | Orc:2    | Identified a +0 giant club
 32216 | Orc:1    | Reached XP level 15. HP: 92/92 MP: 25/25
 32224 | Orc:2    | Identified a +0 giant spiked club
 32224 | Orc:2    | Identified a +0 giant club
 32224 | Orc:2    | Identified a +0 giant club
 32224 | Orc:2    | Identified a +0 giant club
 32413 | Orc:2    | Identified a +0 giant club
 32413 | Orc:2    | Identified a +0 dire flail
 32413 | Orc:2    | Identified a +0 dire flail
 32413 | Orc:2    | Identified a +0 giant club
 32414 | Orc:2    | Identified a +0 giant club
 32470 | Orc:2    | Identified a +0 giant club
 32470 | Orc:2    | Identified a +0 giant spiked club
 32471 | Orc:2    | Identified a +0 war axe
 32482 | Orc:2    | Identified a +0 troll leather armour
 32529 | Orc:2    | Identified a +0 flail
 32529 | Orc:2    | Identified a +0 robe
 32536 | Orc:1    | Reached skill level 2 in Transmutations
 32606 | Orc:1    | Reached skill level 10 in Fighting
 32617 | Orc:1    | Identified a +0 troll leather armour
 32791 | Orc:2    | Identified a cursed -1 giant club
 32791 | Orc:2    | Identified a +0 giant spiked club
 32900 | Orc:2    | Identified a +0 giant club
 32900 | Orc:2    | Identified a +0 flail
 32900 | Orc:2    | Identified a +0 plate armour
 32948 | Orc:2    | Identified a +0 long sword of protection
 32948 | Orc:2    | Identified a +0 arbalest
 32948 | Orc:2    | Identified a +0 chain mail of magic resistance
 32948 | Orc:2    | Noticed Saint Roka
 32949 | Orc:2    | ventricule: ??saint roka
 32949 | Orc:2    | beem: saint roka[1/2]: Unique orc who comes with a pack of
                  | more orcs, often including knights and sorcerers. Has the
                  | spell set of a Daeva (smite, smite, smite). Sometimes has a
                  | crossbow. Worth a huge amount of exp!
 32949 | Orc:2    | ventricule: ??saint roka[2]
 32949 | Orc:2    | beem: saint roka[2/2]: not actually the messiah
 32950 | Orc:2    | Identified a +0 giant spiked club
 32952 | Orc:2    | Identified a +0 flail
 32952 | Orc:2    | Identified a +0 dagger
 32952 | Orc:2    | Identified a +0 robe
 32952 | Orc:2    | Identified a +0 dagger
 32952 | Orc:2    | Identified a +0 robe
 32952 | Orc:2    | Identified a cursed -2 flail
 32953 | Orc:2    | Identified a +0 hand axe
 32953 | Orc:2    | Identified a +0 plate armour
 32959 | Orc:1    | Identified a +0 dagger
 32959 | Orc:1    | Identified a +0 robe
 32959 | Orc:1    | Identified a +0 flail
 32959 | Orc:1    | Identified a +0 dagger
 32959 | Orc:1    | Identified a +0 leather armour
 32959 | Orc:1    | Identified a +0 short sword
 32959 | Orc:1    | Identified a +3 chain mail
 32959 | Orc:1    | Identified a +0 dagger
 32959 | Orc:1    | Identified a +0 robe
 32959 | Orc:1    | Identified a +0 battleaxe
 32959 | Orc:1    | Identified a +0 chain mail
 32962 | Orc:1    | Identified a +0 flail
 32969 | Orc:1    | Identified a +0 whip of freezing
 32980 | Orc:1    | Identified a +0 dagger
 32980 | Orc:1    | Identified a +0 robe
 33008 | Orc:1    | Identified a +0 giant club
 33277 | Orc:2    | Identified a +2 scimitar of flaming
 33277 | Orc:2    | Noticed Azrael
 33277 | Orc:2    | Identified a +0 club
 33277 | Orc:2    | Identified a +0 halberd
 33277 | Orc:2    | Identified a +0 chain mail
 33277 | Orc:2    | Identified a +0 dagger
 33277 | Orc:2    | Identified a +0 robe
 33277 | Orc:2    | Identified a +0 club
 33279 | Orc:2    | Identified a +0 trident
 33342 | Orc:2    | Identified a +0 club
 33342 | Orc:2    | Identified a +0 ring mail
 33342 | Orc:2    | Identified a +0 hand axe
 33342 | Orc:2    | Identified a +0 leather armour
 33342 | Orc:2    | Identified a +0 dagger
 33342 | Orc:2    | Identified a +0 robe of cold resistance
 33438 | Orc:2    | Identified a +0 mace
 33438 | Orc:2    | Identified a +0 chain mail
 33439 | Orc:2    | Identified a +0 giant spiked club
 33498 | Orc:2    | Identified a +0 dagger
 33498 | Orc:2    | Identified a +0 robe
 33524 | Orc:2    | Identified a +0 giant spiked club
 33524 | Orc:2    | Identified a +0 flail
 33524 | Orc:2    | Identified a +0 chain mail
 33526 | Orc:2    | Reached skill level 3 in Transmutations
 33536 | Orc:2    | Identified a +0 troll leather armour
 33558 | Orc:2    | HP: 22/92 [Saint Roka/divine providence (15)]
 33567 | Orc:1    | Reached skill level 14 in Invocations
 33596 | Orc:1    | Killed Azrael
 33596 | Orc:1    | Reached skill level 6 in Hexes
 33773 | Orc:2    | Identified a +0 giant club
 33774 | Orc:2    | Identified a +0 robe
 33782 | Orc:2    | Killed Saint Roka
 33782 | Orc:2    | Reached skill level 12 in Dodging
 33838 | Orc:2    | Identified a +0 troll leather armour
 33907 | Orc:2    | ventricule: ??arbalest
 33907 | Orc:2    | beem: arbalest[1/1]: Crossbow. +2 acc, 18 base damage,
                  | 19/10 base/mindelay. Used to just be called 'crossbow'.
 33907 | Orc:2    | ventricule: ??crossbows
 33907 | Orc:2    | beem: crossbow[1/1]: (acc,dam,delay,mindelay) [Hands]: hand
                  | crossbow (+5/12/1.5/1.0) [1H], arbalest (+2/18/1.9/1.0)
                  | [2H], triple crossbow (+0/22/2.3/1.0) [2H]. Fires bolts.
 33941 | Orc:2    | Identified a +0 short sword
 33941 | Orc:2    | Identified a +0 chain mail
 33941 | Orc:2    | Identified a +0 mace
 33941 | Orc:2    | Identified a +0 ring mail
 33942 | Orc:2    | Identified a +0 mace
 33944 | Orc:2    | Identified a +0 leather armour
 33949 | Orc:2    | Reached skill level 4 in Transmutations
 33955 | Orc:2    | Identified a +0 dagger
 33955 | Orc:2    | Identified a +0 robe
 34126 | Orc:2    | Identified a +0 trident
 34130 | Orc:2    | Identified a +0 giant club
 34130 | Orc:2    | Identified a +0 giant club
 34224 | Orc:2    | Found Mahepel's Antique Weapon Shop.
 34251 | Orc:2    | Found Apeblar's Jewellery Shoppe.
 34259 | Orc:2    | Bought an uncursed amulet of regeneration for 480 gold
                  | pieces
 34315 | Orc:2    | Identified a +0 giant spiked club
 34318 | Orc:2    | Identified a +0 dagger
 34318 | Orc:2    | Identified a +0 robe
 34324 | Orc:2    | Identified a cursed -3 hand axe
 34324 | Orc:2    | Identified a +0 plate armour
 34326 | Orc:2    | Identified a +0 hand axe
 34326 | Orc:2    | Identified a +0 hand axe
 34327 | Orc:2    | Identified a +0 short sword
 34327 | Orc:2    | Identified a +0 scale mail
 34329 | Orc:2    | Found Recris's Armour Emporium.
 34416 | Orc:2    | Found a staircase to the Elven Halls.
 34500 | Orc:2    | Identified a +0 giant spiked club
 34524 | Orc:2    | Identified a +0 club
 34524 | Orc:2    | Identified a +0 ring mail
 34526 | Orc:2    | Identified a +3 double sword of flaming
 34526 | Orc:2    | Identified a +4 plate armour of ponderousness
 34526 | Orc:2    | Identified a +0 shield
 34526 | Orc:2    | Noticed Donald
 34526 | Orc:2    | Identified a +0 short sword
 34526 | Orc:2    | Identified a +0 chain mail
 34526 | Orc:2    | Identified a +0 club
 34526 | Orc:2    | Identified a +0 leather armour
 34568 | Orc:2    | HP: 23/93 [Donald/+3 double sword of flaming (48)]
 34568 | Orc:2    | Slain by Donald

Table legend:
 A = Turns spent in this place as a percentage of turns spent in the entire game.
 B = Non-inter-level travel turns spent in this place as a percentage of non-inter-level travel turns spent in the entire game.
 C = Inter-level travel turns spent in this place as a percentage of turns spent in this place.
 D = Turns resting spent in this place as a percentage of non-inter-level travel turns spent in this place.
 E = Turns spent auto-exploring this place as a percentage of non-inter-level travel turns spent in this place.
 F = Non-inter-level travel turns spent in this place divided by the number of levels of this place that you've seen.
                   A       B       C       D       E      F
               +-------+-------+-------+-------+-------+----------------------
         Total | 100.0 | 100.0 |   5.4 |  39.5 |  35.2 | 1635.7
       Dungeon |  59.0 |  58.0 |   6.8 |  38.7 |  39.4 | 1582.1
          Lair |  33.5 |  34.0 |   3.9 |  37.9 |  31.8 | 1854.0
  Orcish Mines |   7.6 |   8.0 |   0.4 |  52.4 |  19.7 | 1302.5
               +-------+-------+-------+-------+-------+----------------------

Table legend:
 A = Kills in this place as a percentage of kills in entire the game.
 B = Kills by you in this place as a percentage of kills by you in the entire game.
 C = Kills by friends in this place as a percentage of kills by friends in the entire game.
 D = Other kills in this place as a percentage of other kills in the entire game.
 E = Experience gained in this place as a percentage of experience gained in the entire game.
 F = Experience gained in this place divided by the number of levels of this place that you have seen.
                   A       B       C       D       E      F
               +-------+-------+-------+-------+-------+----------------------
         Total | 100.0 | 100.0 |   N/A | 100.0 | 100.0 | 4666.0
       Dungeon |  54.5 |  54.7 |   N/A |  33.3 |  24.7 | 1918.0
          Lair |  31.0 |  30.8 |   N/A |  50.0 |  51.1 | 7952.5
  Orcish Mines |  14.5 |  14.4 |   N/A |  16.7 |  24.2 | 11294.0
               +-------+-------+-------+-------+-------+----------------------

Skill      XL: |  1  2  3  4  5  6  7  8  9 10 11 12 13 14 15 |
---------------+----------------------------------------------+-----
Crossbows      | 3 4 5 6 7 9 10 | 10.0
Fighting       | 2 3 4 5 7 9 10 | 10.6
Stealth        | 1 2 8 10 | 10.8
Short Blades   | 1 3 8 |  8.0
Invocations    | 1 2 3 4 5 7 8 9 11 12 13 14 | 14.2
Dodging        | 3 5 6 7 9 11 12 | 12.2
Shields        | 3 5 |  5.6
Hexes          | 4 5 6 |  6.5
Translocations | 1 |  1.6
Axes           | 1 |  1.0
Spellcasting   | 3 |  3.3
Conjurations   | 3 4 |  4.0
Fire Magic     | 3 4 |  4.0
Maces & Flails | 2 4 |  4.9
Transmutations | 1 4 |  4.1

Action                   |  1- 3 |  4- 6 |  7- 9 | 10-12 | 13-15 || total
-------------------------+-------+-------+-------+-------+-------++-------
Melee: Unarmed           |    52 |       |       |       |       ||    52
       Short sword       |    38 |    62 |       |       |       ||   100
       Rapier            |       |    14 |    25 |       |       ||    39
       Whip              |       |       |    77 |   156 |       ||   233
       Hand crossbow     |       |       |     1 |       |       ||     1
       Morningstar       |       |       |       |   368 |    15 ||   383
       War axe           |       |       |       |    33 |       ||    33
       Dagger            |       |       |       |     2 |     1 ||     3
       Quick blade       |       |       |       |       |  1320 ||  1320
 Fire: Hand crossbow     |    36 |    62 |   271 |   225 |     6 ||   600
Throw: Stone             |     5 |       |       |       |       ||     5
       Dart              |       |       |       |    18 |       ||    18
 Cast: Corona            |    31 |    54 |    61 |    34 |     4 ||   184
       Slow              |       |       |    21 |    10 |       ||    31
       Confuse           |       |       |       |   155 |   215 ||   370
       Conjure Flame     |       |       |       |     2 |    24 ||    26
Invok: Heal Other        |       |       |     4 |     6 |    18 ||    28
       Lesser Healing    |       |       |       |     1 |    12 ||    13
       Greater Healing   |       |       |       |     1 |       ||     1
Evoke: Wand              |       |       |    13 |    11 |     1 ||    25
  Use: Scroll            |       |    12 |    11 |     7 |     4 ||    34
       Potion            |       |       |     2 |     2 |     8 ||    12
 Stab: Sleeping          |     3 |     4 |     2 |    13 |    16 ||    38
       Distracted        |       |       |     1 |       |     3 ||     4
       Confused          |       |       |       |    51 |   111 ||   162
       Invisible         |       |       |       |       |     6 ||     6
  Eat: Chunk             |    13 |     8 |    33 |    55 |    65 ||   174
       Ration            |       |       |       |     2 |     1 ||     3
Armor: Robe              |    19 |    15 |    42 |    79 |    80 ||   235
Dodge: Dodged            |   110 |    96 |   203 |   522 |   752 ||  1683
Block: Buckler           |       |       |    17 |   200 |   277 ||   494

Vanquished Creatures
  Saint Roka (Orc:2)
  Nessos (D:12)
  Azrael (Orc:1)
  3 hydras
  An ogre mage (Orc:2)
  10 two-headed ogres
  5 death yaks
  2 deep trolls (Orc:1)
  An unseen horror (D:10)
  An orc sorcerer (Orc:2)
  2 wolf spiders (Lair:6)
  3 cyclopes
  14 elephants
  5 black mambas
  A guardian serpent (Lair:6)
  A gargoyle (D:10)
  16 spiny frogs
  A rime drake (Lair:4)
  7 komodo dragons
  A kobold demonologist (D:11)
  An efreet (D:10)
  13 trolls
  A polar bear (Lair:6)
  3 hornets
  2 tyrant leeches (Lair:2)
  2 slime creatures (Lair:4)
  5 dream sheep (Lair:6)
  4 blink frogs (Lair:1)
  A raiju (shapeshifter) (D:12)
  10 hippogriffs
  3 redbacks
  43 yaks
  3 fire elementals (Orc:1)
  11 wyverns
  Grum (D:8)
  2 hungry ghosts
  2 basilisks
  4 vampire mosquitoes
  A swamp worm (Lair:2)
  A warg (D:8)
  A soldier ant (D:11)
  Duvessa (D:4)
  22 water moccasins
  2 hell hounds (Orc:1)
  3 porcupines
  14 orc warriors
  4 sky beasts
  6 ice beasts
  2 black bears
  A necrophage (D:10)
  3 phantoms
  7 centaurs
  25 ogres
  2 wolves (D:8)
  8 crocodiles
  2 big kobolds
  16 bullfrogs
  Dowan (D:4)
  A water moccasin zombie (D:5)
  3 scorpions
  12 killer bees
  2 wights (D:11)
  6 howler monkeys
  An electric eel (Lair:1)
  4 crimson imps
  A quasit (D:10)
  A centaur zombie (D:5)
  3 hounds
  9 orc priests
  4 jellies
  A gnoll shaman (D:7)
  2 bullfrog skeletons
  A centaur skeleton (D:5)
  An iguana (D:7)
  Natasha (D:2)
  16 orc wizards
  4 hell rats (Lair:5)
  8 worker ants
  2 hound zombies
  A hound skeleton (D:4)
  Robin (D:3)
  A worker ant zombie (D:6)
  11 adders
  13 gnolls
  2 shadow imps
  4 oozes
  An adder skeleton (D:7)
  2 worms
  A dart slug (D:3)
  5 leopard geckos
  66 orcs
  4 giant cockroaches
  11 goblins
  6 hobgoblins
  3 jackals (D:1)
  5 quokkas
  2 ball pythons
  5 bats
  5 frilled lizards
  13 kobolds
  A quokka skeleton (D:9)
  8 rats
  A plant (Lair:6)
565 creatures vanquished.

Vanquished Creatures (others)
  A dream sheep (Lair:6)
  A wolf (D:8)
  2 killer bees (D:10)
  An electric eel (Lair:1)
  An orc priest (D:8)
  2 orc wizards (Orc:1)
  2 orcs
  2 bushes
  25 fungi
  28 plants
65 creatures vanquished.

Grand Total: 630 creatures vanquished
